 Dungeon Sprint DCSS version 0.31-a0-1-g4198be8af4 (webtiles) character file.

Game seed: 4857901646170527594

16602 Conn the Scorcher (level 12, -5/70 HPs)
             Began as an Octopode Fire Elementalist on May 1, 2023.
             Was the Champion of Sif Muna.
             Slain by a fire giant
             ... wielding a +0 great sword of flaming
              (37 damage)
             ... in the Dungeon (Sprint I: "Red Sonja").
             The game lasted 00:50:10 (4711 turns).

Conn the Scorcher (Octopode Fire Elementalist)      Turns: 4711, Time: 00:50:10

Health: -5/70      AC:  3    Str: 11    XL:     12   Next: 39%
Magic:  16/33      EV: 16    Int: 20    God:    Sif Muna [******]
Gold:   5          SH:  0    Dex: 15    Spells: 3/45 levels left

rFire   + . .        r - +5 short sword "Baud Eki" {heavy, rN+}
rCold   + . .        (no shield)
rNeg    + . .        (helmet restricted)
rPois   +            (no amulet)
rElec   .            i - ring "Beozuis" {rF+ Will+ rCorr}
rCorr   +            t - ring of protection from cold
SInv    .            u - ring of poison resistance
Will    +....        (no ring)
Stlth   ++++         (no ring)
HPRegen 0.31/turn    (no ring)
MPRegen 0.23/turn    (no ring)
                     (no ring)

%: no teleportation
@: no status effects
A: almost no armour, amphibious, 8 rings, camouflage 1, gelatinous body 1,
(nimble swimmer 1), tentacles, iridescent scales 1, agile 1, strong 1
a: Renounce Religion, Channel Magic, Forget Spell, Divine Exegesis


You were in the Dungeon.
You worshipped Sif Muna.
Sif Muna was exalted by your worship.
You visited 1 branch You collected 1689 gold pieces.
You spent 1684 gold pieces at shops.

Inventory:

Hand Weapons
 f - a +4 heavy scythe
 r - the +5 short sword "Baud Eki" (weapon) {heavy, rN+}
   (You bought it in a shop in the Dungeon)

   rN:        It protects you from negative energy.
Missiles
 k - 3 curare-tipped darts (quivered)
Jewellery
 i - the ring "Beozuis" (left tentacle) {rF+ Will+ rCorr}
   (You bought it in a shop in the Dungeon)

   [ring of willpower]

   rF:        It protects you from fire.
   rCorr:     It protects you from acid and corrosion.
   Will:      It increases your willpower.
 t - a ring of protection from cold (right tentacle)
 u - a ring of poison resistance (on tentacle)
Wands
 d - a wand of flame (12)
 g - a wand of light (6)
Scrolls
 h - a scroll of butterflies
 n - 2 scrolls of fog
Potions
 a - 2 potions of magic
 b - 2 potions of curing
 m - a potion of lignification
 p - a potion of attraction {unknown}
 q - 2 potions of haste
 s - a potion of brilliance {unknown}


   Skills:
 + Level 2.1 Fighting
 + Level 0.9 Throwing
 + Level 6.6 Dodging
 + Level 5.9 Stealth
 + Level 17.1 Spellcasting
 * Level 10.2 Conjurations
 - Level 4.9 Hexes
 + Level 5.3 Summonings
 + Level 18.1 Fire Magic
 + Level 6.3 Ice Magic
 + Level 4.8 Air Magic
 + Level 1.5 Poison Magic
 * Level 6.8 Invocations
 + Level 0.6 Evocations


You had 3 spell levels left.
You knew the following spells:

 Your Spells              Type           Power      Damage    Failure   Level
a - Foxfire               Conj/Fire      100%       2x1d9     0%          1
b - Scorch                Fire           100%       2d9       0%          2
c - Inner Flame           Hex/Fire       59%        N/A       1%          3
d - Freezing Cloud        Conj/Ice/Air   22%        6-21      4%          5
e - Call Imp              Summ           76%        N/A       1%          2
f - Mephitic Cloud        Conj/Pois/Air  39%        N/A       1%          3
g - Magic Dart            Conj           100%       1d8       1%          1
h - Call Canine Familiar  Summ           38%        N/A       1%          3
i - Summon Guardian Gole  Hex/Summ       37%        N/A       1%          3
j - Ozocubu's Armour      Ice            42%        N/A       1%          3
k - Fireball              Conj/Fire      32%        3d14      1%          5
l - Plasma Beam           Fire/Air       29%        2x1d45    4%          6
m - Metabolic Englaciati  Hex/Ice        19%        N/A       9%          5

Your spell library contained the following spells:

 Spells                   Type           Power      Damage    Failure   Level
 Freeze                   Ice            100%       1d10      1%          1
 Kiss of Death            Conj/Necr      100%       2d13      1%          1
 Summon Small Mammal      Summ           100%       N/A       1%          1
 Ignite Poison            Fire/Tmut/Pois 43%        N/A       1%          3
 Swiftness                Air            36%        N/A       1%          3
 Tukima's Dance           Hex            36%        N/A       1%          3
 Volatile Blastmotes      Fire/Tloc      100%       2d18      1%          3
 Vhi's Electric Charge    Tloc/Air       52%        N/A       3%          3
 Spider Form              Tmut/Pois      20%        N/A       8%          3
 Flame Wave               Conj/Fire      65%        2d15      1%          4
 Fulminant Prism          Conj/Hex       23%        3d12      1%          4
 Sticky Flame             Conj/Fire      65%        2d8       1%          4
 Summon Ice Beast         Ice/Summ       40%        N/A       3%          4
 Airstrike                Air            18%        2d(3-19)  4%          4
 Arcjolt                  Conj/Air       23%        1d33      4%          5
 Ice Form                 Ice/Tmut       29%        N/A       9%          4
 Summon Mana Viper        Hex/Summ       37%        N/A       11%         5
 Irradiate                Conj/Tmut      18%        3d17      12%         5
 Conjure Ball Lightning   Conj/Air       23%        3x3d6     24%         6
 Manifold Assault         Tloc           17%        N/A       32%         4
 Yara's Violent Unravell  Hex/Tmut       13%        3d7       34%         5
 Orb of Destruction       Conj           27%        9d9       38%         7
 Monstrous Menagerie      Summ           19%        N/A       97%         7
 Malign Gateway           Summ/Tloc      13%        N/A       100%        7
 Chain Lightning          Conj/Air       23%        3d31      100%        9


Dungeon Overview and Level Annotations

Branches:
Dungeon (1/1)

Altars:
Cheibriados
Dithmenos
Elyvilon
Fedhas
Gozag
Hepliaklqana
Kikubaaqudgha
Makhleb
Nemelex Xobeh
Okawaru
Qazlal
Ru
Sif Muna
Trog
Uskayaw
Vehumet
Wu Jian
Xom
Yredelemnul
Zin
The Shining One
Jiyva
Lugonu

Shops:
D :?=?(:([?[[!*:(*:*=[*


Innate Abilities, Weirdness & Mutations

You cannot wear most types of armour.
You are amphibious.
You can wear up to eight rings at the same time.
Your skin changes colour to match your surroundings (Stealth+).
Your rubbery body absorbs attacks. (AC +1, EV +1)
((You are camouflaged when in or above water. (Stealth+)))
You have tentacles for arms and can constrict up to eight enemies at once.
You are partially covered in iridescent scales. (AC +2)
You are agile. (Dex +4, Str/Int -1)
Your muscles are strong. (Str +4, Int/Dex -1)


Message History

The bolt of fire hits you!! You resist.
Casting: Mephitic Cloud (safe; 1% risk of failure)
Confirm with . or Enter, or press ? or * to list all spells.
Aiming: Mephitic Cloud (safe; 1% risk of failure)
Press: ? - help, Shift-Dir - straight line, p - fire giant The ball explodes into a vile cloud!
The stinking cloud engulfs the fire giant but does no damage.
Unknown command.
Unknown command.
Casting: Mephitic Cloud (safe; 1% risk of failure)
Confirm with . or Enter, or press ? or * to list all spells.
Aiming: Mephitic Cloud (safe; 1% risk of failure)
Press: ? - help, Shift-Dir - straight line, f - fire giant
Aim: a fire giant, wielding a +0 great sword of flaming and wearing an amulet of regeneration (purple smoke, chance to affect: 24%)
The ball explodes into a vile cloud!
The stinking cloud engulfs the fire giant but does no damage.
Unknown command.
There is an open door here.
Casting: Mephitic Cloud (safe; 1% risk of failure)
Confirm with . or Enter, or press ? or * to list all spells.
Aiming: Mephitic Cloud (safe; 1% risk of failure)
Press: ? - help, Shift-Dir - straight line, f/p - fire giant
Aim: a fire giant, wielding a +0 great sword of flaming and wearing an amulet of regeneration (chance to affect: 24%)
The ball explodes into a vile cloud!
The stinking cloud engulfs the fire giant but does no damage.
The fire giant is engulfed in noxious fumes.
The fire giant casts a spell at you. The bolt of fire hits you! You resist.
Casting: Mephitic Cloud (safe; 1% risk of failure)
Confirm with . or Enter, or press ? or * to list all spells.
Casting: Metabolic Englaciation (dangerous; 9% risk of failure)
Press: ? - help, Dir - look around, f - activate You radiate an aura of cold.
The fire giant seems to slow down.
The fire giant is engulfed in noxious fumes.
The fire giant appears confused.
You hit the fire giant.
The fire giant is lightly wounded.
The fire giant hits you with a +0 great sword of flaming!!!
Ouch! That really hurt!
You die...

#################################
..'..#__#.['...#(.#.§§§'§§§§..'..
[.#..'..'..#.).##§#C####C§..§##§.
####'#__####...'@C#§# ##§.§#####
...#.####§.#####.°○○# ###C#|[.#
..##.#§§~§.#..##+#### #.##...
#'#_.§§§§§.§§§#§§...# #..###.
'..._#§§§§.#..#.§.○.'...$ ##.#)#.
#_.#'##§#####'###°°○#.... #..###.
##'#.#....###.'§#○○○# #++ #.##...
##.####'###[###.#○○## #..#'##
'...'.....'.∩##§#..# ##...#


You could see a fire giant (confused, slow).

Vanquished Creatures
  A daeva (D)
  A fire giant (D)
  A hydra (D)
  A centaur warrior (D)
  Sonja (D)
  A deep troll (D)
  8 shining eyes (D)
  An oklob plant (D)
  A merfolk siren (D)
  2 demonic crawlers (D)
  7 unseen horrors (D)
  2 kobold demonologists (D)
  A hornet (D)
  Sigmund (D)
  A slime creature (D)
  A yak (D)
  13 hogs (D)
  2 redbacks (D)
  5 floating eyes (D)
  An ogre (D)
  7 necrophages (D)
  6 jellies (D)
  Ijyb (D)
66 creatures vanquished.

Vanquished Creatures (collateral kills)
  2 floating eyes (D)
2 creatures vanquished.

Vanquished Creatures (others)
  A centaur warrior (D)
  A lindwurm (D)
  A gargoyle (D)
  2 demonic crawlers (D)
  A hornet (D)
  2 jellies (D)
  2 ballistomycete spores (D)
  72 foxfires (D)
82 creatures vanquished.

Grand Total: 150 creatures vanquished

Notes
Turn   | Place    | Note
-------+----------+-------------------------------------------
     0 | D        | Conn the Octopode Fire Elementalist began the quest for the
                  | Orb.
     0 | D        | Reached XP level 1. HP: 11/11 MP: 3/3
     3 | D        | Noticed Ijyb
    22 | D        | Killed Ijyb
    23 | D        | Reached skill level 5 in Fire Magic
    23 | D        | Reached XP level 2. HP: 9/17 MP: 1/6
    23 | D        | Reached XP level 3. HP: 11/21 MP: 1/7
    84 | D        | Learned a level 2 spell: Scorch
    88 | D        | Learned a level 3 spell: Inner Flame
    91 | D        | Noticed an ogre
   106 | D        | Killed an ogre
   107 | D        | Reached skill level 7 in Fire Magic
   107 | D        | Reached XP level 4. HP: 27/27 MP: 0/10
   201 | D        | Learned a level 4 spell: Flame Wave
   201 | D        | Noticed Sigmund
   206 | D        | Killed Sigmund
   207 | D        | Reached skill level 9 in Fire Magic
   207 | D        | Reached XP level 5. HP: 27/31 MP: 5/13
   207 | D        | Reached XP level 6. HP: 32/36 MP: 5/15
   288 | D        | Found an ornate altar of the Wu Jian Council.
   288 | D        | Found a shimmering blue altar of Sif Muna.
   290 | D        | Found a radiant altar of Vehumet.
   296 | D        | Became a worshipper of Sif Muna the Loreminder
   327 | D        | Found Orach's Magic Scroll Emporium.
   327 | D        | Found an ancient bone altar of Kikubaaqudgha.
   327 | D        | Found a hazy altar of Hepliaklqana.
   327 | D        | Found a stormy altar of Qazlal.
   327 | D        | Found a hide-covered altar of Uskayaw.
   327 | D        | Found a blossoming altar of Fedhas.
   327 | D        | Found a bloodstained altar of Trog.
   327 | D        | Found an iron altar of Okawaru.
   327 | D        | Found a basalt altar of Yredelemnul.
   327 | D        | Found a glowing golden altar of the Shining One.
   327 | D        | Found a snail-covered altar of Cheibriados.
   327 | D        | Found a sacrificial altar of Ru.
   327 | D        | Found a glowing silver altar of Zin.
   327 | D        | Found a shadowy altar of Dithmenos.
   327 | D        | Found a white marble altar of Elyvilon.
   327 | D        | Noticed a yak
   334 | D        | Killed a yak
   335 | D        | Reached skill level 5 in Dodging
   335 | D        | Reached skill level 10 in Fire Magic
   335 | D        | Reached XP level 7. HP: 41/41 MP: 8/17
   337 | D        | Found an opulent altar of Gozag.
   338 | D        | Found a sparkling altar of Nemelex Xobeh.
   342 | D        | Bought a scroll of butterflies for 56 gold pieces
   342 | D        | Bought a scroll of fear for 56 gold pieces
   410 | D        | Noticed Sonja
   412 | D        | Killed Sonja
   413 | D        | Reached skill level 5 in Stealth
   413 | D        | Reached skill level 12 in Fire Magic
   413 | D        | Reached XP level 8. HP: 46/46 MP: 12/21
   501 | D        | Found Xiext's Book Boutique.
   509 | D        | Bought a book of Minor Magic for 252 gold pieces
   512 | D        | Learned a level 2 spell: Call Imp
   516 | D        | Learned a level 3 spell: Mephitic Cloud
   518 | D        | Learned a level 1 spell: Magic Dart
   530 | D        | Noticed a deep troll
   539 | D        | Killed a deep troll
   539 | D        | Reached * piety under Sif Muna
   540 | D        | Reached skill level 10 in Spellcasting
   540 | D        | Reached skill level 5 in Conjurations
   540 | D        | Reached skill level 13 in Fire Magic
   553 | D        | Found Dikkat's Armour Emporium.
   593 | D        | Noticed a shining eye
   593 | D        | Noticed a shining eye
   593 | D        | Noticed a shining eye
   596 | D        | Paralysed by a floating eye for 4 turns
   602 | D        | Killed a shining eye
   602 | D        | Noticed a shining eye
   603 | D        | Reached skill level 1 in Summonings
   603 | D        | Reached skill level 14 in Fire Magic
   603 | D        | Reached XP level 9. HP: 52/52 MP: 12/24
   604 | D        | Paralysed by a floating eye for 4 turns
   604 | D        | Reached ** piety under Sif Muna
   605 | D        | Reached skill level 1 in Hexes
   605 | D        | Noticed a shining eye
   608 | D        | Noticed a shining eye
   612 | D        | Noticed a shining eye
   621 | D        | Killed a shining eye
   621 | D        | Killed a shining eye
   621 | D        | Gained mutation: You occasionally shout uncontrollably at
                  | your foes. [a shining eye]
   766 | D        | Paralysed by a floating eye for 2 turns
   767 | D        | Noticed a shining eye
   778 | D        | Killed a shining eye
   778 | D        | Reached *** piety under Sif Muna
   778 | D        | Killed a shining eye
   779 | D        | Reached skill level 15 in Fire Magic
   779 | D        | Reached XP level 10. HP: 57/57 MP: 1/27
   926 | D        | Killed a shining eye
   927 | D        | Reached skill level 1 in Poison Magic
   935 | D        | Killed a shining eye
   935 | D        | Reached **** piety under Sif Muna
   941 | D        | Killed a shining eye
   958 | D        | Found Feha's Antique Weapon Shop.
   958 | D        | Found Onoifud's Magic Scroll Shoppe.
   958 | D        | Found Saudoaw's Book Boutique.
   958 | D        | Found Adirasakli's Jewellery Emporium.
   975 | D        | Bought a dazzling short sword for 224 gold pieces
   975 | D        | Identified the +5 short sword "Baud Eki" {heavy, rN+} (You
                  | bought it in a shop in the Dungeon)
  1082 | D        | Found a burning altar of Makhleb.
  1082 | D        | Found a viscous altar of Jiyva.
  1082 | D        | Found a shimmering altar of Xom.
  1082 | D        | Found a corrupted altar of Lugonu.
  1087 | D        | Reached skill level 1 in Fighting
  1137 | D        | Bought a book of Callings for 200 gold pieces
  1141 | D        | Learned a level 3 spell: Call Canine Familiar
  1145 | D        | Learned a level 3 spell: Summon Guardian Golem
  1181 | D        | Noticed a kobold demonologist
  1185 | D        | Noticed a kobold demonologist
  1186 | D        | Reached ***** piety under Sif Muna
  1187 | D        | Reached skill level 1 in Air Magic
  1189 | D        | Noticed an orange demon
  1189 | D        | Killed a kobold demonologist
  1189 | D        | Received a gift from Sif Muna
  1190 | D        | Reached skill level 16 in Fire Magic
  1190 | D        | Killed a kobold demonologist
  1193 | D        | Got Sif Muna's Anthology of Snowy Haze {god gift}
  1198 | D        | Learned a level 3 spell: Ozocubu's Armour
  1289 | D        | Noticed a centaur warrior
  1289 | D        | Noticed a centaur warrior
  1295 | D        | Killed a centaur warrior
  1295 | D        | Killed a centaur warrior
  1296 | D        | Reached XP level 11. HP: 47/63 MP: 14/29
  1349 | D        | Reached skill level 15 in Spellcasting
  1408 | D        | Noticed an oklob plant
  1469 | D        | Killed an oklob plant
  1655 | D        | Received a gift from Sif Muna
  1656 | D        | Got Jiymeum's Handbook of Frozen Battling {god gift}
  1811 | D        | Received a gift from Sif Muna
  1824 | D        | Got Sif Muna's Tome of Overhead Fever {god gift}
  1831 | D        | Learned a level 5 spell: Fireball
  1838 | D        | Learned a level 6 spell: Plasma Beam
  1965 | D        | Reached ****** piety under Sif Muna
  2099 | D        | Found Pangien's Antique Armour Shoppe.
  2099 | D        | Found Ishuupra's Antique Weapon Shop.
  2099 | D        | Found Keblohuoh's Magic Scroll Boutique.
  2101 | D        | Found Ovorr's Armour Emporium.
  2101 | D        | Found Ystrysab's Antique Armour Shop.
  2101 | D        | Found Fos Paph's Distillery.
  2101 | D        | Found Cesoghu's General Store.
  2101 | D        | Found Cienuerr's Book Emporium.
  2101 | D        | Found Caveeja's Weapon Shop.
  2101 | D        | Found Boaptij's General Store.
  2105 | D        | Found Jujuck's Book Boutique.
  2106 | D        | Found Soki's Jewellery Emporium.
  2106 | D        | Found Juengys's General Store.
  2107 | D        | Found Begoor's Assorted Antiques.
  2159 | D        | Learned a level 5 spell: Metabolic Englaciation
  2203 | D        | Received a gift from Sif Muna
  2204 | D        | Reached skill level 1 in Invocations
  2387 | D        | Reached skill level 17 in Fire Magic
  2388 | D        | Reached skill level 5 in Ice Magic
  2568 | D        | Noticed a lindwurm
  2572 | D        | Killed a lindwurm
  2610 | D        | Received a gift from Sif Muna
  2617 | D        | Received a gift from Sif Muna
  2618 | D        | Reached skill level 5 in Summonings
  2621 | D        | Got Sif Muna's Incunabulum of Misty Enchantment {god gift}
  2621 | D        | Got Paqith's Incunable of Places and Vicissitude {god gift}
  2748 | D        | Noticed a 12-headed hydra
  2780 | D        | Killed a 12-headed hydra
  2781 | D        | Reached XP level 12. HP: 70/70 MP: 8/32
  2922 | D        | Noticed a daeva
  3466 | D        | Killed a daeva
  3467 | D        | Reached skill level 5 in Invocations
  3624 | D        | Reached skill level 18 in Fire Magic
  3631 | D        | HP: 3/70 [something (7)]
  3645 | D        | Received a gift from Sif Muna
  3646 | D        | Got Vikhojeu's Volume of Conflict {god gift}
  3887 | D        | Noticed a fire giant
  3892 | D        | Noticed a fire giant
  3965 | D        | Bought the ring "Beozuis" {rF+ Will+ rCorr} for 446 gold
                  | pieces
  3966 | D        | Bought a ring of protection from cold for 250 gold pieces
  3967 | D        | Bought a ring of poison resistance for 200 gold pieces
  4134 | D        | Noticed a fire giant
  4341 | D        | Learned a level 5 spell: Freezing Cloud
  4378 | D        | Lost mutation: You occasionally shout uncontrollably at
                  | your foes. [potion of mutation]
  4378 | D        | Gained mutation: You are agile. (Dex +4, Str/Int -1)
                  | [potion of mutation]
  4378 | D        | Gained mutation: Your muscles are strong. (Str +4, Int/Dex
                  | -1) [potion of mutation]
  4378 | D        | Gained mutation: You are partially covered in iridescent
                  | scales. (AC +2) [potion of mutation]
  4386 | D        | HP: 1/70 [fire giant/fireball (27)]
  4392 | D        | Killed a fire giant
  4393 | D        | Reached skill level 10 in Conjurations
  4660 | D        | Noticed a deep elf annihilator
  4711 | D        | Slain by a fire giant

Illustrated notes

Levels and vault maps discovered:
D:        dungeon_sprint_1 [red_sonja_temple_1, red_sonja_temple_small_1]

Skill      XL: |  1  2  3  4  5  6  7  8  9 10 11 12 |
---------------+-------------------------------------+-----
Stealth        | 3 4 5 |  5.9
Spellcasting   | 3 4 6 7 9 11 13 14 16 17 | 17.1
Fire Magic     | 5 7 9 10 12 14 15 16 17 18 | 18.1
Dodging        | 3 4 5 6 |  6.6
Conjurations   | 2 3 4 5 6 7 9 10 | 10.2
Summonings     | 1 3 5 |  5.3
Hexes          | 3 4 |  4.9
Poison Magic   | 1 |  1.5
Fighting       | 1 2 |  2.1
Air Magic      | 3 4 |  4.8
Ice Magic      | 2 6 |  6.3
Invocations    | 4 6 |  6.8
Throwing       | |  0.9
Evocations     | |  0.6

Action                     |  1- 3 |  4- 6 |  7- 9 | 10-12 || total
---------------------------+-------+-------+-------+-------++-------
  Melee: Unarmed           |     4 |       |       |       ||     4
         Short sword       |       |       |       |     3 ||     3
         Tentacles         |       |       |       |     1 ||     1
  Throw: Dart              |       |       |     1 |       ||     1
   Cast: Foxfire           |     7 |     4 |     8 |    29 ||    48
         Scorch            |     3 |     6 |    10 |   135 ||   154
         Inner Flame       |       |       |    11 |    19 ||    30
         Call Imp          |       |       |     3 |     4 ||     7
         Mephitic Cloud    |       |       |     1 |    11 ||    12
         Flame Wave        |       |       |       |    12 ||    12
         Summon Guardian G |       |       |       |    15 ||    15
         Call Canine Famil |       |       |       |     5 ||     5
         Fireball          |       |       |       |     8 ||     8
         Metabolic Englaci |       |       |       |    10 ||    10
         Ozocubu's Armour  |       |       |       |     3 ||     3
         Freezing Cloud    |       |       |       |     1 ||     1
         Plasma Beam       |       |       |       |     1 ||     1
 Invoke: Channel Magic     |       |       |       |     1 ||     1
         Forget Spell      |       |       |       |     1 ||     1
  Evoke: Wand              |       |       |       |     3 ||     3
    Use: Potion            |     3 |     1 |       |     4 ||     8
         Scroll            |     1 |       |       |     3 ||     4
 Armour: Skin              |       |       |       |     9 ||     9
  Dodge: Dodged            |     3 |       |       |    16 ||    19

Table legend: (Time is in decaauts)
 A = Elapsed time spent in this place.
 B = Non-inter-level travel time spent in this place.
 C = Inter-level travel time spent in this place.
 D = Time resting spent in this place.
 E = Time spent auto-exploring this place.
 F = Levels seen in this place.
 G = Mean time per level.
                   A        B        C        D        E       F      G
               +--------+--------+--------+--------+--------+-----+--------+
         Total |   4705 |   4662 |     43 |   2915 |      0 |   1 | 4705.0 |
       Dungeon |   4705 |   4662 |     43 |   2915 |      0 |   1 | 4705.0 |
               +--------+--------+--------+--------+--------+-----+--------+

Top non-repeatable levels by time:
       D: 4705 daAuts
